 Dungeon Crawl Stone Soup version 0.27.1 (webtiles) character file.

Game seed: 13146011356946968124

576 Malachi the Stinger (level 7, -1/57 HPs)
             Began as a Demonspawn Transmuter on Aug 26, 2021.
             Was an Initiate of Ru.
             Slain by Pikel (9 damage)
             ... on level 5 of the Dungeon.
             The game lasted 00:10:14 (5520 turns).

Malachi the Stinger (Demonspawn Transmuter)         Turns: 5520, Time: 00:10:15

Health: -1/57      AC:  6    Str: 17    XL:     7   Next: 12%
Magic:  10/10      EV: 12    Int: 16    God:    Ru [......]
Gold:   188        SH:  0    Dex: 13    Spells: 2/10 levels left

rFire    x . .     SeeInvis .     - Unarmed
rCold    + + +     Faith    .   (shield currently unavailable)
rNeg     . . .     Spirit   .   (armour currently unavailable)
rPois    +         Reflect  .   (helmet unavailable)
rElec    .         Harm     .   (cloak currently unavailable)
rCorr    .         Rampage  .   (gloves currently unavailable)
Will     .....                  (boots currently unavailable)
Stlth    +.........             e - amulet of regeneration
HPRegen  1.19/turn              h - +6 ring of strength
MPRegen  0.12/turn              (no ring)

@: ice-form
A: freezing attack, amphibious, boosted hp, large, (antennae 3), repulsion field
1, powered by pain 1
a: End Transformation, Renounce Religion


You were on level 5 of the Dungeon.
You worshipped Ru.
Ru was noncommittal.
You were a creature of crystalline ice.
You visited 2 branches of the dungeon, and saw 7 of its levels.

You collected 188 gold pieces.

Inventory:

Hand Weapons
 g - a +0 dagger
Missiles
 f - 5 boomerangs of dispersal
Armour
 a - a +0 robe (melded)
 t - a +0 pair of gloves (melded)
Jewellery
 e - an amulet of regeneration (around neck)
 h - a +6 ring of strength (left front paw)
 k - an amulet of guardian spirit
 r - an amulet of reflection
Wands
 p - a wand of flame (31)
Scrolls
 i - 2 scrolls of enchant weapon {unknown}
 j - a scroll of blinking {unknown}
 m - a scroll of fear {unknown}
 n - 5 scrolls of identify {unknown}
 s - a scroll of noise {unknown}
 u - a scroll of magic mapping {unknown}
 y - 2 scrolls of teleportation {unknown}
Potions
 b - 2 potions of mutation {unknown}
 c - a potion of lignification {unknown}
 d - a potion of degeneration {unknown}
 l - 3 potions of heal wounds {unknown}
 o - a potion of might {unknown}
 q - 2 potions of brilliance {unknown}
 v - 2 potions of curing {unknown}
 w - a potion of cancellation {unknown}
 x - a potion of invisibility {unknown}


   Skills:
 - Level 1.0 Fighting
 - Level 1.7 Dodging
 - Level 2.6 Unarmed Combat
 - Level 2.0 Spellcasting
 * Level 5.1 Transmutations
 * Level 5.2 Poison Magic


You had 2 spell levels left.
You knew the following spells:

 Your Spells              Type           Power      Damage    Failure   Level
a - Beastly Appendage     Tmut           36%        N/A       2%          1
b - Spider Form           Tmut/Pois      9%         N/A       8%          3
c - Ice Form              Ice/Tmut       9%         N/A       56%         4

Your spell library contained the following spells:

 Spells                   Type           Power      Damage    Failure   Level
 Wereblood                Tmut           18%        N/A       3%          2
 Corpse Rot               Necr/Air       N/A        N/A       30%         2
 Gell's Gravitas          Tloc           0%         N/A       52%         3
 Lesser Beckoning         Tloc           0%         N/A       52%         3
 Teleport Other           Tloc           1%         N/A       52%         3
 Dispel Undead            Necr           1%         3d6       90%         4
 Death Channel            Necr           0%         N/A       100%        6
 Malign Gateway           Summ/Tloc      0%         N/A       100%        7
 Summon Horrible Things   Summ           0%         N/A       100%        8


Dungeon Overview and Level Annotations

Branches:
Dungeon (6/15)             Temple (1/1) D:4

Altars:
Ashenzari
Cheibriados
Gozag
Hepliaklqana
Makhleb
Okawaru
Qazlal
Ru
Trog
Uskayaw
Wu Jian
Xom
The Shining One

Shops:
D:3 =

Annotations:
D:5 Grinder, Pikel


Innate Abilities, Weirdness & Mutations

You are a creature of crystalline ice.
You have a powerful freezing melee attack.
You are amphibious.
Your maximum health is increased.
Your armour is entirely melded.
You are incapable of wielding weapons or throwing items.
((You have a pair of large antennae on your head. (SInv)))
You are surrounded by a mild repulsion field. (EV +2)
You sometimes gain a little power by taking damage.


Message History

Okay, then.
You see here 15 stones.
Casting: Spider Form (dangerous; 8% risk of failure)
Confirm with . or Enter, or press ? or * to list all spells.
The spell is extremely dangerous to cast (56% risk of failure)!
Continue anyway?
You turn into a creature of crystalline ice.
Your +0 pair of gloves melds into your body.
Your +0 robe melds into your body.
Unknown command.
Unknown command.
You barely miss the lemure. The lemure hits you!
You closely miss the lemure. The lemure closely misses you.
You punch the lemure! You freeze the lemure.
The lemure is severely wounded.
The lemure hits you but does no damage.
You hit the lemure but do no damage.
The lemure is severely wounded.
The lemure hits you.
Pikel hits you with a +2 whip of flaming.
Pikel melts you.
You barely miss the lemure.
The lemure is severely wounded.
The lemure hits you but does no damage. Pikel barely misses you.
You punch the lemure! You freeze the lemure.
You kill the lemure!
That felt strangely unrewarding.
Pikel hits you with a +2 whip of flaming!
Pikel melts you.
You barely miss Pikel. You hit Pikel.
Pikel is lightly wounded.
Pikel zaps a wand.
Your mind is blasted!
* * * LOW HITPOINT WARNING * * *
You focus on the pain.
You feel your power returning.
You are too injured to fight recklessly!
You are too injured to fight recklessly!
You barely miss Pikel.
Pikel is lightly wounded.
Pikel hits you with a +2 whip of flaming!
You die...

..# #.....# #....#...........
..######.....####....###.########
....#..##+###....#######.##.#
....#..................#....#
....#..<...............'....#
....#...(.###+##########..###
....#.....##.)##########..##
....#............K.........#
....#...........Y..........#
....#.....###+####..####..##
....#.....##..####..#######
....'......#.......{...###
....#......#.............#
....#.....##+###..)....#.##
....#.....##..##......#...#
....#.....#...........#8.8#
....#.....'....5......#...#


You could see Pikel.

Vanquished Creatures
  A sky beast (D:3)
  A lemure (D:5)
  A scorpion (D:4)
  2 hounds
  An orc priest (D:3)
  A gnoll shaman (D:4)
  Ijyb (D:3)
  An orc wizard (D:6)
  A hound skeleton (D:4)
  4 adders
  8 gnolls
  6 dart slugs
  14 orcs
  6 ball pythons
  6 bats
  6 endoplasms
  9 giant cockroaches
  7 goblins
  9 hobgoblins
  2 jackals (D:2)
  13 kobolds
  3 quokkas
  A frilled lizard (D:3)
  7 rats
111 creatures vanquished.

Notes
Turn   | Place    | Note
-------+----------+-------------------------------------------
     0 | D:1      | Malachi the Demonspawn Transmuter began the quest for the
                  | Orb.
     0 | D:1      | Reached XP level 1. HP: 15/15 MP: 3/3
    35 | D:1      | Reached skill level 1 in Poison Magic
    35 | D:1      | Gained mutation: You sometimes gain a little power by
                  | taking damage. [demonic ancestry]
    35 | D:1      | Reached XP level 2. HP: 8/21 MP: 5/5
   633 | D:1      | Reached XP level 3. HP: 26/26 MP: 4/6
   643 | D:1      | Learned a level 3 spell: Spider Form
  1034 | D:1      | Found a faded altar of an unknown god.
  1556 | D:2      | Lost mutation: You have a pair of horns on your head.
                  | [demonic ancestry]
  1556 | D:2      | Lost mutation: You have a pair of small horns on your head.
                  | [demonic ancestry]
  1556 | D:2      | Gained mutation: You have a pair of small antennae on your
                  | head. [demonic ancestry]
  1556 | D:2      | Reached XP level 4. HP: 29/32 MP: 7/7
  1913 | D:3      | Noticed a sky beast
  2035 | D:3      | Killed a sky beast
  2036 | D:3      | Gained mutation: You have a pair of antennae on your head.
                  | [demonic ancestry]
  2036 | D:3      | Reached XP level 5. HP: 37/37 MP: 1/8
  2073 | D:3      | Found Samituma's Jewellery Shop.
  2144 | D:3      | Learned a level 4 spell: Ice Form
  2298 | D:3      | Gained mutation: You are surrounded by a mild repulsion
                  | field. (EV +2) [demonic ancestry]
  2298 | D:3      | Reached XP level 6. HP: 27/43 MP: 3/9
  2633 | D:3      | Found a stormy altar of Qazlal.
  2677 | D:3      | Noticed Ijyb
  2688 | D:3      | Killed Ijyb
  2832 | D:3      | Found a bloodstained altar of Trog.
  3096 | D:4      | Found a shimmering altar of Xom.
  3096 | D:4      | Found a shimmering altar of Xom.
  3096 | D:4      | Found a shimmering altar of Xom.
  3096 | D:4      | Found a shimmering altar of Xom.
  3096 | D:4      | Found a shimmering altar of Xom.
  3097 | D:4      | Found a shimmering altar of Xom.
  3097 | D:4      | Found a shimmering altar of Xom.
  3393 | D:4      | Found a staircase to the Ecumenical Temple.
  3402 | Temple   | Entered the Ecumenical Temple
  3711 | Temple   | Became a worshipper of Ru the Awakened
  4315 | D:4      | Found a broken altar of Ashenzari.
  4398 | D:4      | Reached skill level 5 in Transmutations
  4398 | D:4      | Reached skill level 5 in Poison Magic
  4526 | D:5      | Entered Level 5 of the Dungeon
  4670 | D:5      | Gained mutation: You have a pair of large antennae on your
                  | head. (SInv) [demonic ancestry]
  4670 | D:5      | Reached XP level 7. HP: 48/48 MP: 7/10
  5006 | D:5      | Noticed Grinder
  5011 | D:5      | Paralysed by Grinder for 5 turns
  5337 | D:6      | Noticed Pikel
  5520 | D:5      | Slain by Pikel

Illustrated notes

Levels and vault maps discovered:
D:1:      sevenhm_arrival_forest_fort_small_4, layout_rooms,
          ebering_ecumenical_altar_box, minmay_tripent
D:2:      layout_basic, basic_altar
D:3:      layout_rooms, lemuel_coloured_pillars_altar,
          nicolae_qazlal_general_emergency, serial_shops, nicolae_shop_stone,
          uniq_ijyb
D:4:      layout_gridville, xom_redecorated, marbit_many_paths,
          minmay_temple_entry_fiery
D:5:      layout_gridville, grunt_decor_arrowhead,
          amcnicky_mini_corridor_feature, chequers_avenue, uniq_grinder
D:6:      layout_rooms, nicolae_overflow_crystal_walls, uniq_pikel,
          uniq_menkaure
Temple:   compressed_dpeg_triangle_lava_temple

Skill      XL: |  1  2  3  4  5  6 |
---------------+-------------------+-----
Transmutations | 2 3 4 5 |  5.1
Poison Magic   | 1 2 3 4 5 |  5.2
Fighting       | |  1.0
Dodging        | |  1.7
Unarmed Combat | |  2.6
Spellcasting   | |  2.0

Action                   |  1- 3 |  4- 6 |  7- 9 || total
-------------------------+-------+-------+-------++-------
Melee: Unarmed           |   115 |   167 |    24 ||   306
       Kick              |    27 |     3 |       ||    30
       Headbutt          |    14 |       |       ||    14
 Cast: Beastly Appendage |    23 |     6 |       ||    29
       Spider Form       |       |    27 |     6 ||    33
       Ice Form          |       |       |     1 ||     1
Evoke: Wand              |       |       |     1 ||     1
  Use: Scroll            |       |     1 |       ||     1
 Stab: Sleeping          |       |     1 |       ||     1
Armor: Robe              |    25 |     4 |       ||    29
       Skin              |       |     5 |     5 ||    10
Dodge: Dodged            |    66 |   144 |    33 ||   243
